 Dungeon Crawl Stone Soup version 0.30-a0-989-g0d87f670db (webtiles) character file.

Game seed: 3884138761304989571

2766 sanka the Martial Artist (level 9, -3/75 HPs)
             Began as a Purple Draconian Monk on Apr 3, 2023.
             Killed from afar by a gargoyle (6 damage)
             ... with a stone arrow
             ... on level 7 of the Dungeon.
             The game lasted 00:17:31 (8487 turns).

sanka the Martial Artist (Purple Draconian Monk)    Turns: 8487, Time: 00:17:31

Health: -3/75      AC: 12    Str: 14    XL:     9   Next: 42%
Magic:  13/13      EV: 15    Int: 12    God:
Gold:   5          SH:  0    Dex: 16    Spells: 6/13 levels left

rFire   . . .      SeeInvis .      - Unarmed
rCold   . . .      Faith    .    (no shield)
rNeg    . . .      Spirit   .    (body armour unavailable)
rPois   .          Reflect  .    (helmet restricted)
rElec   .          Rampage  .    (no cloak)
rCorr   .                        l - +0 pair of gloves
Will    +....                    (no boots)
Stlth   ++                       q - amulet of the acrobat
HPRegen 0.32/turn                w - ring of wizardry
MPRegen 0.13/turn                A - +4 ring of protection

@: no status effects
A: breathe power, AC +7, unfitting armour, cold-blooded
a: Breathe Dispelling Energy


You were on level 7 of the Dungeon.
You visited 2 branches of the dungeon, and saw 8 of its levels.

You collected 365 gold pieces.
You spent 360 gold pieces at shops.


Innate Abilities, Weirdness & Mutations

You can breathe bolts of dispelling energy.
Your rich purple scales are hard. (AC +7)
You cannot fit into any form of body armour.
You are cold-blooded and may be slowed by cold attacks.


   Skills:
 - Level 6.0 Fighting
 - Level 6.0 Dodging
 - Level 1.7 Stealth
 - Level 10.0 Unarmed Combat
 + Level 2.8 Spellcasting
 * Level 3.8 Transmutations


You had 6 spell levels left.
You knew the following spells:

 Your Spells              Type           Power      Damage    Failure   Level
y - Wereblood             Tmut           10%        N/A       3%          2
z - Spider Form           Tmut/Pois      6%         N/A       14%         3
N - Passwall              Tmut/Erth      5%         N/A       7%          2

Your spell library contained the following spells:

 Spells                   Type           Power      Damage    Failure   Level
 Beastly Appendage        Tmut           20%        N/A       2%          1
 Apportation              Tloc           2%         N/A       11%         1
 Necrotise                Necr           4%         1d4       11%         1
 Summon Small Mammal      Summ           4%         N/A       11%         1
 Ensorcelled Hibernation  Hex/Ice        2%         N/A       16%         2
 Swiftness                Air            1%         N/A       28%         3
 Cause Fear               Hex            0%         N/A       65%         4
 Dragon Form              Tmut           5%         N/A       100%        7
 Dragon's Call            Summ           0%         N/A       100%        9

Inventory:

Missiles
 u - 5 datura-tipped darts
 v - 4 poisoned darts (quivered)
 x - a throwing net {=f}
Armour
 l - a +0 pair of gloves (worn)
Magical Staves
 r - a staff of poison
Jewellery
 f - a +6 ring of dexterity
 o - the amulet of Aneloull {Reflect Int+2 SH+5}

   [amulet of reflection]

   It reflects blocked missile attacks.
   Int:       It affects your intelligence (+2).
   SH:        It affects your SH (+5).
 q - an amulet of the acrobat (around neck)
 w - a ring of wizardry (left hand)
 y - a ring of fire
 A - a +4 ring of protection (right hand)
Wands
 j - a wand of digging (5)
Scrolls
 e - 2 scrolls of immolation {!r}
 g - 4 scrolls of teleportation {@r4}
 p - a scroll of fog
 s - a scroll of enchant armour
Potions
 a - 2 potions of ambrosia
 b - a potion of curing {@q1}
 c - 2 potions of might {unknown}
 d - a potion of mutation {unknown}
 h - a potion of attraction {unknown}
 i - a potion of experience {unknown}
 k - 3 potions of lignification {unknown}
 m - 2 potions of haste {@q3}
 n - a potion of brilliance {unknown}
 t - a potion of degeneration {unknown}
 z - a potion of berserk rage {unknown}

Dungeon Overview and Level Annotations

Branches:
Dungeon (7/15)             Temple (1/1) D:6

Altars:
Ashenzari
Cheibriados
Fedhas
Hepliaklqana
Kikubaaqudgha
Makhleb
Nemelex Xobeh
Qazlal
Ru
Sif Muna
Trog
Wu Jian
Xom
Yredelemnul
Zin
The Shining One

Shops:
D:6 [!=*[

Annotations:
D:4 3 runed translucent doors, mopl's ghost, amateur GnMo
D:5 Prince Ribbit
D:7 1 runed translucent door, Crazy Yiuf

▒▒ ▒...▒....▒▒......▒.......▒..
▒..................▒▒.▒▒▒▒..
▒...▒▒...▒▒....▒..▒....▒▒▒..
▒▒.▒▒▒8...8▒▒▒.▒▒▒▒▒▒........
▒..▒ ▒▒...▒▒8▒..▒ ▒▒........
▒▒.▒▒▒+.....'▒▒▒.▒▒ ▒.........
▒▒▒>.▒)▒.......▒)▒..▒▒▒▒..▒.....
▒....▒▒'.......'▒▒..▒▒..........
▒<...▒▒....8...d▒▒..▒...▒.......
▒▒...▒▒'.......8▒▒......▒.......
▒▒...▒.▒.......▒/▒...▒..........
▒....▒▒▒+.....+▒▒▒...▒.▒.▒......
▒.....▒ ▒▒+.+▒▒ ▒....▒▒▒▒▒▒.....
▒▒▒▒▒.▒▒▒ ▒▒▒ ▒▒▒....▒ ▒▒......
▒▒.▒...▒▒▒▒▒▒▒.....)▒▒▒▒...)...
▒▒..▒▒.............▒)).▒........
▒......)^..........▒▒▒....▒.....


You could see a gargoyle.


Message History

You tail-slap the gargoyle, but do no damage.
The gargoyle is heavily damaged.
The gargoyle hurls a stone arrow at you.
The stone arrow hits you!!
You hit the gargoyle but do no damage.
The gargoyle is heavily damaged.
The gargoyle hurls a stone arrow at you.
The stone arrow hits you!
* * * LOW HITPOINT WARNING * * *
You hit the gargoyle but do no damage.
The gargoyle is heavily damaged.
The gargoyle hits you with a +0 flail!
* * * LOW HITPOINT WARNING * * *
You barely miss the gargoyle.
You punch the gargoyle, but do no damage.
The gargoyle is heavily damaged.
The gargoyle misses you.
You hit the gargoyle but do no damage.
The gargoyle is heavily damaged.
The gargoyle closely misses you.
You hit the gargoyle.
The gargoyle is severely damaged.
The gargoyle hurls a stone arrow at you.
The stone arrow hits you!
* * * LOW HITPOINT WARNING * * *
You hit the gargoyle.
The gargoyle is severely damaged.
The gargoyle hurls a stone arrow at you.
The stone arrow hits you.
You die...

Action                     |  1- 3 |  4- 6 |  7- 9 || total
---------------------------+-------+-------+-------++-------
  Melee: Unarmed           |   193 |   172 |   250 ||   615
         Tailslap          |    22 |    27 |    43 ||    92
         Punch             |     5 |     8 |    24 ||    37
  Throw: Dart              |       |    22 |     3 ||    25
Ability: Breathe Dispellin |       |       |    10 ||    10
    Use: Potion            |       |     3 |     2 ||     5
         Scroll            |       |     2 |     4 ||     6
   Stab: Sleeping          |     5 |     4 |     4 ||    13
         Distracted        |       |       |     2 ||     2
 Armour: Skin              |    58 |    50 |    36 ||   144
  Dodge: Dodged            |   116 |    89 |   153 ||   358
  Block: Other             |     2 |     8 |       ||    10

Levels and vault maps discovered:
D:1:      dpeg_arrival_simpleton_a, layout_rooms
D:2:      layout_loops_corners
D:3:      layout_basic, amcnicky_mini_corridor_feature
D:4:      layout_gridville, biasface_ghost_orc_armoury
D:5:      layout_basic, amcnicky_altar_gilded, minmay_lizard_king,
          uniq_prince_ribbit1
D:6:      layout_loops_corners, minmay_temple_entry_enclosed_plants,
          nicolae_wooded_promenade
D:7:      cheibrodos_statue_roulette, layout_cave_pools, uniq_crazy_yiuf_cottage
Temple:   regret_index_temple_waves

Notes
Turn   | Place    | Note
-------+----------+-------------------------------------------
     0 | D:1      | sanka the Draconian Monk began the quest for the Orb.
     0 | D:1      | Reached XP level 1. HP: 19/19 MP: 1/1
   101 | D:1      | Reached XP level 2. HP: 27/27 MP: 2/2
   344 | D:1      | Reached skill level 4 in Fighting
   661 | D:2      | Reached XP level 3. HP: 33/33 MP: 3/3
  1082 | D:2      | Reached skill level 4 in Unarmed Combat
  1681 | D:3      | Identified the amulet of Aneloull {Reflect Int+2 SH+5}
  1732 | D:3      | Reached XP level 4. HP: 39/40 MP: 4/4
  2509 | D:4      | Reached skill level 5 in Unarmed Combat
  2527 | D:4      | Reached XP level 5. HP: 45/46 MP: 5/5
  2910 | D:4      | Found a runed translucent gate.
  2911 | D:4      | Found a runed translucent gate.
  2911 | D:4      | Noticed mopl's ghost (amateur GnMo)
  2912 | D:4      | Found a runed translucent gate.
  3251 | D:5      | Entered Level 5 of the Dungeon
  3277 | D:5      | Reached skill level 6 in Unarmed Combat
  3321 | D:5      | Noticed Prince Ribbit
  3490 | D:5      | Reached XP level 6. HP: 33/52 MP: 6/6
  3906 | D:4      | Reached skill level 7 in Unarmed Combat
  4319 | D:4      | Your scales start taking on a rich purple colour.
  4319 | D:4      | Reached XP level 7. HP: 28/59 MP: 7/7
  4469 | D:4      | Reached skill level 8 in Unarmed Combat
  5022 | D:4      | Reached skill level 9 in Unarmed Combat
  5309 | D:5      | Found a glowing silver altar of Zin.
  5613 | D:6      | Found Egruu's Armour Shoppe.
  5615 | D:6      | Found Duist's Assorted Antiques.
  5615 | D:6      | Found Hosohon's Jewellery Boutique.
  5616 | D:6      | Found Muunow's Armour Shop.
  5616 | D:6      | Found Vempauq's Distillery.
  5774 | D:6      | Reached XP level 8. HP: 50/66 MP: 8/8
  5970 | D:6      | Reached skill level 10 in Unarmed Combat
  5980 | D:6      | Learned a level 2 spell: Passwall
  5983 | D:6      | Learned a level 2 spell: Wereblood
  5987 | D:6      | Learned a level 3 spell: Spider Form
  6177 | D:6      | Reached skill level 3 in Dodging
  6384 | D:6      | Reached skill level 5 in Fighting
  6616 | D:6      | Reached skill level 4 in Dodging
  6694 | D:6      | Found a staircase to the Ecumenical Temple.
  6700 | Temple   | Entered the Ecumenical Temple
  7299 | D:7      | Reached skill level 6 in Fighting
  7382 | D:7      | Reached skill level 5 in Dodging
  7534 | D:7      | Noticed a gargoyle
  7535 | D:7      | Noticed a gargoyle
  7755 | D:7      | Killed a gargoyle
  7756 | D:7      | Reached skill level 6 in Dodging
  7756 | D:7      | Reached XP level 9. HP: 27/75 MP: 9/9
  8162 | D:6      | Bought a +4 ring of protection for 360 gold pieces
  8225 | D:7      | Killed a gargoyle
  8226 | D:7      | Reached skill level 2 in Spellcasting
  8226 | D:7      | Reached skill level 2 in Transmutations
  8344 | D:7      | Found a runed translucent door.
  8345 | D:7      | Noticed Crazy Yiuf
  8389 | D:7      | Noticed a gargoyle
  8399 | D:7      | Killed a gargoyle
  8400 | D:7      | Reached skill level 3 in Transmutations
  8474 | D:7      | Noticed a gargoyle
  8486 | D:7      | HP: 3/75 [gargoyle/stone arrow (15)]
  8487 | D:7      | Killed from afar by a gargoyle

Vanquished Creatures
  3 gargoyles (D:7)
  3 water moccasins (D:6)
  A black bear (D:7)
  An ice beast (D:7)
  A sky beast (D:6)
  An orc warrior (D:4)
  An ogre (D:5)
  2 bullfrogs (D:6)
  A scorpion (D:5)
  5 killer bees
  An electric eel (D:6)
  3 orc priests
  2 hounds
  A jelly (D:5)
  A sleepcap (D:6)
  4 orc wizards
  5 iguanas
  8 adders
  2 shadow imps (D:7)
  2 white imps
  An ufetubus (D:5)
  2 worms (D:2)
  5 dart slugs
  24 orcs
  8 endoplasms
  2 giant cockroaches
  6 goblins
  6 hobgoblins
  9 jackals
  4 quokkas
  7 ball pythons
  7 bats
  12 frilled lizards
  12 kobolds
  4 rats
157 creatures vanquished.

Vanquished Creatures (others)
  8 plants (D:5)
8 creatures vanquished.

Grand Total: 165 creatures vanquished
